 Dungeon Crawl Stone Soup version 0.29-a0-559-g359e09b9d1 (webtiles) character file.

Game seed: 16544955755447403681

102 RepHenryClay the Poker (level 4, 0/33 HPs)
             Began as a Demonspawn Wanderer on June 3, 2022.
             Slain by an endoplasm (1 damage)
             ... on level 3 of the Dungeon on June 10, 2022.
             The game lasted 00:03:56 (2547 turns).

RepHenryClay the Poker (Demonspawn Wanderer)        Turns: 2547, Time: 00:03:56

Health: 0/33       AC:  7    Str: 17    XL:     4   Next: 49%
Magic:  5/5        EV: 12    Int: 20    God:
Gold:   221        SH:  0    Dex: 15    Spells: 5/5 levels left

rFire   . . .      SeeInvis .   f - +2 trident (freeze)
rCold   . . .      Faith    .   (no shield)
rNeg    . . .      Spirit   .   p - +0 leather armour
rPois   .          Reflect  .   r - +2 helmet
rElec   .          Harm     .   (no cloak)
rCorr   .          Rampage  .   (no gloves)
Will    .....                   d - +0 pair of boots
Stlth   +.........              m - amulet of the acrobat
HPRegen 0.11/turn               o - +6 ring of intelligence
MPRegen 0.09/turn               w - +6 ring of strength

@: no status effects
A: demonic magic 2, robust 1, sturdy frame 1
a: no special abilities


You were on level 3 of the Dungeon.
You visited 1 branch of the dungeon, and saw 3 of its levels.

You collected 221 gold pieces.

Inventory:

Hand Weapons
 a - a +0 dagger
 f - a +2 trident of freezing (weapon)
 j - the +6 hunting sling "Zireugg" {flame, +Blink rC+++ Will- Dex-5}
   (You found it on level 2 of the Dungeon)

   Any ammunition fired from it burns those it strikes, dealing additional fire
   damage.
   Dex:       It affects your dexterity (-5).
   rC:        It renders you almost immune to cold.
   +Blink:    It lets you blink.
   Will:      It decreases your willpower.
Missiles
 s - 4 poisoned darts (quivered)
Armour
 c - a +0 robe
 d - a +0 pair of boots (worn)
 p - a +0 leather armour (worn)
 r - a +2 helmet (worn)
Jewellery
 m - an amulet of the acrobat (around neck)
 o - a +6 ring of intelligence (left hand)
 w - a +6 ring of strength (right hand)
Scrolls
 e - a scroll of vulnerability {unknown}
 g - a scroll of amnesia {unknown}
 h - a scroll of magic mapping {unknown}
 i - a scroll of noise {unknown}
 q - 9 scrolls of identify {unknown}
 v - a scroll of blinking {unknown}
Potions
 b - a potion of berserk rage
 k - a potion of ambrosia {unknown}
 l - a potion of mutation
 n - a potion of attraction {unknown}
 t - a potion of heal wounds {unknown}
 u - a potion of degeneration {unknown}


   Skills:
 + Level 3.7 Polearms
 - Level 1.0 Armour
 - Level 1.8 Dodging
 - Level 1.0 Spellcasting
 - Level 3.0 Summonings
 - Level 1.8 Air Magic
 - Level 1.3 Invocations


You had 5 spell levels left.
You didn't know any spells.
Your spell library contained the following spells:

 Spells                   Type           Power      Damage    Failure   Level
 Summon Small Mammal      Summ           52%        N/A       5%          1
 Shock                    Conj/Air       16%        1d4       13%         1
 Slow                     Hex            4%         N/A       19%         1
 Static Discharge         Conj/Air       4%         N/A       19%         2
 Summon Guardian Golem    Hex/Summ       7%         N/A       28%         3
 Confusing Touch          Hex            1%         N/A       47%         3
 Inner Flame              Hex/Fire       1%         N/A       47%         3
 Vampiric Draining        Necr           1%         2d6       47%         3
 Airstrike                Air            4%         N/A       65%         4
 Cause Fear               Hex            0%         N/A       87%         4
 Discord                  Hex            0%         N/A       100%        8


Dungeon Overview and Level Annotations

Branches:
Dungeon (3/15)

Altars:
Trog


Innate Abilities, Weirdness & Mutations

Spells you cast may paralyse nearby enemies.
You are robust. (+10% HP)
Your movements are slightly less encumbered by armour. (ER -2)


Message History

An orc wizard and an orc come into view.
The orc wizard shouts!
The orc shouts!
You hit the orc. You freeze the orc.
The orc is moderately wounded.
The orc hits you but does no damage.
You closely miss the orc.
The orc is moderately wounded.
The orc hits you but does no damage.
The orc wizard mumbles some strange words.
The orc wizard flickers and vanishes!
Deactivating autopickup; reactivate with Ctrl-A.
You barely miss the orc priest. The orc closely misses you.
The endoplasm closely misses you.
You hit the orc priest. You freeze the orc priest.
The orc priest is heavily wounded.
The orc barely misses you. The endoplasm freezes you.
You are frozen.
The orc priest hits you with a +0 whip.
Damage: -13%(-4hp) hp: 87%(26hp)
The endoplasm attacks as you move away!
The endoplasm hits you but does no damage.
The orc priest hits you with a +0 whip.
Damage: -7%(-2hp) hp: 80%(24hp) Unknown command.
You hit the orc priest. You freeze the orc priest.
The orc priest is heavily wounded.
The orc hits you with a +0 short sword. The endoplasm freezes you.
You are frozen.
The orc priest mumbles some strange prayers to Beogh against you.
Beogh smites you!
Ouch! That really hurt!
* * * LOW HITPOINT WARNING * * *
Huge Dmg: -76%(-23hp) hp: 4%(1hp) It was a potion of mutation.
You feel extremely strange.
You feel robust.
You feel less encumbered by your armour.
The orc misses you. The endoplasm hits you.
You die...

#..# ########..#
..........#######
#########.......#
# #######.# . #.
#.# ...##.###
###### #.#
......oo####....#
#.#
......{o@..#.##.#
#.#
.......J##.#.##.#
#.#
##......##...##.#
#.#
#......#######.#
#.# #......#
#.#####.#
########
#.......#
#########


You could see an orc priest, 2 orcs and an endoplasm.

Vanquished Creatures
  5 adders
  A worm (D:3)
  2 dart slugs (D:1)
  An orc (D:3)
  4 ball pythons
  2 bats
  2 endoplasms
  2 giant cockroaches
  3 hobgoblins
  3 jackals (D:3)
  5 kobolds
  5 quokkas
  2 frilled lizards (D:3)
  4 goblins (D:3)
  5 rats
46 creatures vanquished.

Notes
Turn   | Place    | Note
-------+----------+-------------------------------------------
     0 | D:1      | RepHenryClay the Demonspawn Wanderer began the quest for
                  | the Orb.
     0 | D:1      | RepHenryClay set off with the following items: a +0 dagger,
                  | a potion of berserk rage, a +0 robe, a +0 pair of boots;
                  | and the following spells available to memorise: Summon
                  | Small Mammal, Shock, Static Discharge, Summon Guardian
                  | Golem, Airstrike
     0 | D:1      | Reached XP level 1. HP: 13/13 MP: 2/2
   142 | D:1      | Upgraded the game from 0.29-a0-541-gaf1fc19f1b to
                  | 0.29-a0-542-g075992c915
   142 | D:1      | Upgraded the game from 0.29-a0-542-g075992c915 to
                  | 0.29-a0-551-gffc1d7fb78
   142 | D:1      | Upgraded the game from 0.29-a0-551-gffc1d7fb78 to
                  | 0.29-a0-553-g81b289dbe5
   142 | D:1      | Upgraded the game from 0.29-a0-553-g81b289dbe5 to
                  | 0.29-a0-555-g3b24f45cc1
   142 | D:1      | Upgraded the game from 0.29-a0-555-g3b24f45cc1 to
                  | 0.29-a0-559-g359e09b9d1
   214 | D:1      | Reached skill level 1 in Polearms
   323 | D:1      | Gained mutation: Spells you cast may paralyse adjacent
                  | enemies. [demonic ancestry]
   323 | D:1      | Reached XP level 2. HP: 19/19 MP: 3/3
   640 | D:1      | Found a faded altar of an unknown god.
  1022 | D:2      | Reached XP level 3. HP: 9/24 MP: 4/4
  1041 | D:2      | Identified the +6 hunting sling "Zireugg" {flame, +Blink
                  | rC+++ Will- Dex-5}
  1757 | D:3      | Gained mutation: Spells you cast may paralyse nearby
                  | enemies. [demonic ancestry]
  1757 | D:3      | Reached XP level 4. HP: 23/30 MP: 5/5
  1987 | D:3      | Found a bloodstained altar of Trog.
  2546 | D:3      | HP: 1/30 [orc priest/divine providence (16)]
  2547 | D:3      | Gained mutation: You are robust. (+10% HP) [potion of
                  | mutation]
  2547 | D:3      | Gained mutation: Your movements are slightly less
                  | encumbered by armour. (ER -2) [potion of mutation]
  2547 | D:3      | Slain by an endoplasm

Illustrated notes

Levels and vault maps discovered:
D:1:      dpeg_arrival_rooms_b, layout_loops_ring,
          chequers_ecumenical_altar_grove
D:2:      layout_basic
D:3:      layout_basic, lemuel_crystal_altar, amcnicky_mini_rare_corridor_liquid

Skill      XL: |  1  2  3 |
---------------+----------+-----
Polearms       | 1 2 3 |  3.7
Armour         | |  1.0
Dodging        | |  1.8
Spellcasting   | |  1.0
Summonings     | |  3.0
Air Magic      | |  1.8
Invocations    | |  1.3

Action                   |  1- 3 |  4- 6 || total
-------------------------+-------+-------++-------
Melee: Dagger            |    14 |       ||    14
       Trident           |    74 |    45 ||   119
       Punch             |       |     1 ||     1
  Use: Potion            |     2 |     1 ||     3
 Stab: Sleeping          |     4 |       ||     4
Armor: Robe              |    11 |       ||    11
       Leather armour    |     1 |    23 ||    24
Dodge: Dodged            |    42 |    34 ||    76

Table legend: (Time is in decaauts)
 A = Elapsed time spent in this place.
 B = Non-inter-level travel time spent in this place.
 C = Inter-level travel time spent in this place.
 D = Time resting spent in this place.
 E = Time spent auto-exploring this place.
 F = Levels seen in this place.
 G = Mean time per level.
                   A        B        C        D        E       F      G
               +--------+--------+--------+--------+--------+-----+--------+
         Total |   2566 |   2477 |     89 |      0 |   2122 |   3 |  855.3 |
       Dungeon |   2566 |   2477 |     89 |      0 |   2122 |   3 |  855.3 |
               +--------+--------+--------+--------+--------+-----+--------+

Top non-repeatable levels by time:
     D:1: 1001 daAuts
     D:3: 822 daAuts
     D:2: 742 daAuts
